 Dungeon Crawl Stone Soup version 0.30-a0-916-g98134172ad (webtiles) character file.

Game seed: 7742278692198112388

37 112233 the Magician (level 3, -1/21 HPs)
             Began as an Octopode Hedge Wizard on Mar 20, 2023.
             Slain by an endoplasm (2 damage)
             ... on level 2 of the Dungeon.
             The game lasted 00:00:57 (1417 turns).

112233 the Magician (Octopode Hedge Wizard)         Turns: 1417, Time: 00:00:58

Health: -1/21      AC:  1    Str:  9    XL:     3   Next: 41%
Magic:  2/8        EV: 13    Int: 18    God:
Gold:   41         SH:  0    Dex: 11    Spells: 8/9 levels left

rFire   . . .      SeeInvis .    a - +0 dagger
rCold   . . .      Faith    .    (no shield)
rNeg    . . .      Spirit   .    b - +0 hat
rPois   .          Reflect  .    (no amulet)
rElec   .          Rampage  .    (no ring)
rCorr   .                        (no ring)
Will    .....                    (no ring)
Stlth   +++                      (no ring)
HPRegen 0.23/turn                (no ring)
MPRegen 0.11/turn                (no ring)
                                 (no ring)
                                 (no ring)

@: no status effects
A: almost no armour, amphibious, 8 rings, camouflage 1, gelatinous body 1,
(nimble swimmer 1), tentacles
a: no special abilities


You were on level 2 of the Dungeon.
You visited 1 branch of the dungeon, and saw 2 of its levels.

You collected 41 gold pieces.

Inventory:

Hand Weapons
 a - a +0 dagger (weapon)
Armour
 b - a +0 hat (worn)
 f - a +0 buckler
Jewellery
 n - a +5 ring of evasion
Scrolls
 d - a scroll of teleportation {unknown}
 e - a scroll of enchant armour {unknown}
 i - a scroll of fog {unknown}
 j - a scroll of blinking {unknown}
 k - 3 scrolls of identify {unknown}
 m - a scroll of immolation {unknown}
Potions
 c - a potion of magic
 g - a potion of flight {unknown}
 h - a potion of mutation {unknown}
 l - a potion of berserk rage {unknown}


   Skills:
 + Level 2.7 Dodging
 - Level 2.8 Stealth
 + Level 3.5 Spellcasting
 - Level 1.1 Conjurations
 - Level 1.1 Summonings
 - Level 1.1 Translocations


You had 8 spell levels left.
You knew the following spells:

 Your Spells              Type           Power      Damage    Failure   Level
a - Magic Dart            Conj           28%        1d4       10%         1

Your spell library contained the following spells:

 Spells                   Type           Power      Damage    Failure   Level
 Blink                    Tloc           14%        N/A       14%         2
 Call Imp                 Summ           7%         N/A       14%         2
 Slow                     Hex            12%        N/A       16%         1
 Cigotuvi's Dreadful Rot  Necr/Pois/Air  6%         N/A       24%         2
 Mephitic Cloud           Conj/Pois/Air  4%         N/A       36%         3


Dungeon Overview and Level Annotations

Branches:
Dungeon (2/15)

Altars:


Innate Abilities, Weirdness & Mutations

You cannot wear most types of armour.
You are amphibious.
You can wear up to eight rings at the same time.
Your skin changes colour to match your surroundings (Stealth+).
Your rubbery body absorbs attacks. (AC +1, EV +1)
((You are camouflaged when in or above water. (Stealth+)))
You have tentacles for arms and can constrict up to eight enemies at once.


Message History

Confirm with . or Enter, or press ? or * to list all spells.
Aiming: Magic Dart (safe; 10% risk of failure)
Press: ? - help, Shift-Dir - straight line, f/p - endoplasm
Aim: an endoplasm (severely wounded, 100% to hit)
The magic dart hits the endoplasm.
The endoplasm is almost dead.
The endoplasm freezes you.
You are frozen.
The endoplasm hits you.
Casting: Magic Dart (safe; 10% risk of failure)
Confirm with . or Enter, or press ? or * to list all spells.
Aiming: Magic Dart (safe; 10% risk of failure)
Press: ? - help, Shift-Dir - straight line, f/p - endoplasm
Aim: an endoplasm (almost dead, 100% to hit)
The magic dart hits the endoplasm but does no damage.
The endoplasm is almost dead.
The endoplasm hits you. The endoplasm freezes you.
You are frozen.
Casting: Magic Dart (safe; 10% risk of failure)
Confirm with . or Enter, or press ? or * to list all spells.
Aiming: Magic Dart (safe; 10% risk of failure)
Press: ? - help, Shift-Dir - straight line, f/p - endoplasm
Aim: an endoplasm (almost dead, 100% to hit)
The magic dart hits the endoplasm but does no damage.
The endoplasm is almost dead.
The endoplasm freezes you.
You are frozen.
* * * LOW HITPOINT WARNING * * *
The endoplasm freezes you.
You are frozen.
* * * LOW HITPOINT WARNING * * *
Casting: Magic Dart (safe; 10% risk of failure)
Confirm with . or Enter, or press ? or * to list all spells.
Aiming: Magic Dart (safe; 10% risk of failure)
Press: ? - help, Shift-Dir - straight line, f/p - endoplasm
Aim: an endoplasm (almost dead, 100% to hit)
The magic dart hits the endoplasm but does no damage.
The endoplasm is almost dead.
The endoplasm barely misses you. The endoplasm hits you.
You die...

#...........
#............
#............
#............
#............
#........[...
#.......†....
#..@J........≈§####
##..J.........≈≈≈≈§
#####.............
#........... #
....J..... ...
.......J.
.....##........
.....>.<.......
..............#


You could see 2 endoplasms.

Vanquished Creatures
  2 adders
  2 endoplasms (D:1)
  A giant cockroach (D:1)
  3 hobgoblins (D:1)
  2 quokkas (D:1)
  3 ball pythons (D:1)
  4 bats (D:1)
  2 frilled lizards
  A kobold (D:1)
20 creatures vanquished.

Notes
Turn   | Place    | Note
-------+----------+-------------------------------------------
     0 | D:1      | 112233 the Octopode Hedge Wizard began the quest for the
                  | Orb.
     0 | D:1      | Reached XP level 1. HP: 11/11 MP: 4/4
   282 | D:1      | Found a faded altar of an unknown god.
   295 | D:1      | Reached XP level 2. HP: 17/17 MP: 6/6
   912 | D:1      | Reached XP level 3. HP: 5/21 MP: 4/7
  1416 | D:2      | HP: 1/21 [frozen (4)]
  1417 | D:2      | Slain by an endoplasm

Illustrated notes

Levels and vault maps discovered:
D:1:      minmay_arrival_plants_in_alcoves, layout_loops_ring,
          hellmonk_ecumenical_altar_heavens_door, minmay_tromino_i4
D:2:      layout_rooms, basic_altar, serial_forest,
          infiniplex_forest_lined_room_2, infiniplex_forest_clump_diagonal,
          infiniplex_forest_straight_1, infiniplex_forest_clump_small,
          infiniplex_forest_lined_2, infiniplex_forest_end_2,
          infiniplex_forest_clump_curved, infiniplex_forest_lined_3,
          minmay_misc_feat_x, kennysheep_decorative_pillar

Action                     || total
---------------------------++-------
  Melee: Dagger            ||    14
         Tentacles         ||     3
         Constrict         ||     1
   Cast: Magic Dart        ||    42
   Stab: Sleeping          ||     3
 Armour: Skin              ||     3
  Dodge: Dodged            ||    23

Table legend: (Time is in decaauts)
 A = Elapsed time spent in this place.
 B = Non-inter-level travel time spent in this place.
 C = Inter-level travel time spent in this place.
 D = Time resting spent in this place.
 E = Time spent auto-exploring this place.
 F = Levels seen in this place.
 G = Mean time per level.
                   A        B        C        D        E       F      G
               +--------+--------+--------+--------+--------+-----+--------+
         Total |   1418 |   1378 |     40 |    453 |    792 |   2 |  709.0 |
       Dungeon |   1418 |   1378 |     40 |    453 |    792 |   2 |  709.0 |
               +--------+--------+--------+--------+--------+-----+--------+

Top non-repeatable levels by time:
     D:1: 1387 daAuts
     D:2: 31 daAuts
